 Dungeon Crawl Stone Soup version 0.31.0-32-g396128a36d (webtiles) character file.

Game seed: 11113495460872854927

5314 mainiacjoe the Geomancer (level 10, 0/56 HPs)
             Began as an Octopode Earth Elementalist on Mar 22, 2024.
             Was an Initiate of Ru.
             Shot with an arrow by a centaur (13 damage)
             ... on level 8 of the Dungeon.
             The game lasted 00:34:56 (7777 turns).

mainiacjoe the Geomancer (OpEE)                     Turns: 7777, Time: 00:34:56

Health: 0/56       AC:  1    Str:  8    XL:     10   Next: 64%
Magic:  22/26      EV: 13    Int: 19    God:    Ru [......]
Gold:   85         SH:  0    Dex: 15    Spells: 0/19 levels left

rFire   + . .        a - +0 orcbow
rCold   . . .        (shield currently unavailable)
rNeg    . . .        (helmet restricted)
rPois   .            j - amulet of magic regeneration
rElec   .            g - ring of protection from fire
rCorr   .            A - ring of wizardry
SInv    .            J - ring of magical power
Will    .....        (no ring)
Stlth   +++++        (no ring)
HPRegen 0.29/turn    (no ring)
MPRegen 0.60/turn    (no ring)
                     (no ring)

%: wizardry (x1)
@: about to teleport
A: almost no armour, amphibious, 8 rings, camouflage 1, gelatinous body 1,
(nimble swimmer 1), tentacles
a: Renounce Religion, Sacrifice Words, Sacrifice Stealth, Sacrifice Purity,
Reject Sacrifices


You were on level 8 of the Dungeon.
You worshipped Ru.
Ru was noncommittal.
You visited 2 branches of the dungeon, and saw 9 of its levels.
You also visited: Bailey.

You collected 426 gold pieces.
You spent 341 gold pieces at shops.

Inventory:

Hand Weapons
 a - a +0 orcbow (weapon)
 b - a +2 vampiric dagger
 w - a +0 rapier
 F - a +2 halberd of draining
 G - a +2 halberd of electrocution
 H - a +0 heavy dagger
 I - a +1 sling
Missiles
 d - 52 stones
 o - 12 poisoned darts
 q - 3 atropa-tipped darts {=F}
 z - 2 boomerangs
 E - 2 throwing nets {=F}
Jewellery
 g - a ring of protection from fire (left tentacle)
 j - an amulet of magic regeneration (around mantle)
 v - a ring of ice
 A - a ring of wizardry (right tentacle)
 J - a ring of magical power (on tentacle)
Wands
 n - a wand of flame (18)
Scrolls
 f - a scroll of teleportation
 m - 2 scrolls of revelation
 r - 2 scrolls of immolation
 s - 2 scrolls of fog
Potions
 c - a potion of enlightenment
 e - 4 potions of magic
 h - 2 potions of mutation {unknown}
 i - 7 potions of brilliance
 k - 2 potions of attraction
 l - 3 potions of might
 p - 2 potions of curing
 t - a potion of berserk rage {unknown}
 x - 2 potions of lignification {unknown}
 y - 4 potions of resistance {unknown}
 B - 3 potions of haste {unknown}
 C - 2 potions of cancellation {unknown}
 D - a potion of invisibility {unknown}


   Skills:
 * Level 7.3 Short Blades
 - Level 2.0 Dodging
 + Level 9.8 Stealth
 - Level 5.2 Spellcasting
 - Level 5.3 Conjurations
 - Level 10.8 Earth Magic
 - Level 6.2 Alchemy


You couldn't memorise any spells.
You knew the following spells:

 Your Spells              Type           Power      Damage    Failure   Level
a - Sandblast             Erth           92%        2d19      1%          1
b - Petrify               Alch/Erth      37%        N/A       1%          4
c - Stone Arrow           Conj/Erth      70%        3d11      1%          3
d - Brom's Barrelling Bo  Conj/Erth      35%        2d5       1%          4
e - Olgreb's Toxic Radia  Alch           28%        N/A       4%          4
z - Passwall              Erth           46%        N/A       1%          3

Your spell library contained the following spells:

 Spells                   Type           Power      Damage    Failure   Level
 Magic Dart               Conj           100%       1d8       1%          1
 Necrotise                Necr           16%        1d4       4%          1
 Blink                    Tloc           8%         N/A       8%          2
 Call Imp                 Summ           8%         N/A       8%          2
 Ensorcelled Hibernation  Hex/Ice        8%         N/A       8%          2
 Fugue of the Fallen      Necr           4%         N/A       16%         3
 Vampiric Draining        Necr           4%         2d6       16%         3
 Anguish                  Hex/Necr       2%         N/A       43%         4
 Martyr's Knell           Necr/Summ      4%         N/A       43%         4
 Curse of Agony           Necr           4%         N/A       77%         5
 Ozocubu's Refrigeration  Ice            2%         4d7       100%        7
 Discord                  Hex            2%         N/A       100%        8


Dungeon Overview and Level Annotations

Branches:
Dungeon (8/15)             Temple (1/1) D:7          Bailey (visited)
   Lair: D:8-11

Altars:
Ashenzari
Cheibriados
Dithmenos
Elyvilon
Fedhas
Gozag
Hepliaklqana
Kikubaaqudgha
Makhleb
Nemelex Xobeh
Okawaru
Qazlal
Ru
Sif Muna
Trog
Uskayaw
Vehumet
Wu Jian
Xom
Yredelemnul
Zin
The Shining One

Shops:
D:7 ***

Annotations:
D:4 Sigmund


Innate Abilities, Weirdness & Mutations

You cannot wear most types of armour.
You are amphibious.
You can wear up to eight rings at the same time.
Your skin changes colour to match your surroundings (Stealth+).
Your rubbery body absorbs attacks. (AC +1, EV +1)
((You are camouflaged when in or above water. (Stealth+)))
You have tentacles for arms and can constrict up to eight enemies at once.


Message History

The centaur shoots an arrow.
The arrow hits your boulder!
Ru believes you are ready to make a new sacrifice.
Casting: Brom's Barrelling Boulder (dangerous; 1% risk of failure)
Confirm with . or Enter, or press ? or * to list all spells.
You begin to radiate toxic energy.
The centaur is poisoned.
The kobold is poisoned.
You kill the kobold!
The centaur shoots an arrow.
The arrow hits you!
The centaur shoots an arrow.
The arrow hits you!
You hear a shout!
A kobold comes into view. It is wielding a +0 dagger.
Found 3 scrolls of identify.
The centaur looks even sicker.
The kobold is poisoned.
The centaur shoots an arrow.
The arrow barely misses you.
A kobold comes into view. It is wielding a +0 dagger.
You hear an angry buzzing noise.
You shoot an arrow. The arrow hits the centaur!
The centaur is almost dead.
You kill the kobold!
The kobold is poisoned.
Your toxic aura wanes.
The centaur shoots an arrow.
The arrow hits you!
The kobold throws a stone.
The stone completely misses you.
Your boulder slams into a wall and explodes!
The centaur shoots an arrow.
The arrow hits you!
You hear an angry buzzing noise.
A kobold brigand comes into view.
It is wielding a +0 short sword and quivering poisoned darts.
A killer bee comes into view.
The centaur shoots an arrow.
The arrow hits you!
* * * LOW HITPOINT WARNING * * *
The kobold brigand shouts!
You hear an angry buzzing noise.
As you read the scroll of teleportation, it crumbles to dust.
You feel strangely unstable.
A killer bee comes into view.
The centaur shoots an arrow.
The arrow hits you.
* * * LOW HITPOINT WARNING * * *
The killer bee buzzes angrily.
You hear an angry buzzing noise.
It was a potion of curing.
You feel better.
The centaur shoots an arrow.
The arrow hits you!
You die...

#############.##.## ..
##.......## ##..
#...#.##### ...
#...#.##### #...
#.>.#...... ###.#.###
#...####### .?.c....#
#...##.....
Ky#...#.######...##.####
..K.y..@...............#
..#°...)..h.............
#.#...........<......#
#.....######...##.####
.......# #...##^....
##.##.## #...####### ...
.. #...# ## ### #...#
#...# #


You could see a kobold brigand, a wolf (wandering), a centaur (very poisoned), 2
killer bees and a kobold (poisoned).

Vanquished Creatures
  Jeremiah (D:8)
  A troll (D:7)
  A wyvern (D:8)
  3 steam dragons
  Grum (D:8)
  3 orc warriors
  An ogre (D:5)
  3 wolves (D:8)
  A centaur (D:7)
  A phantom (D:5)
  A kobold brigand (D:7)
  A bullfrog (D:7)
  4 scorpions
  5 wights (D:8)
  6 killer bees (D:8)
  5 howler monkeys
  2 bombardier beetles
  2 gnoll boudas (D:7)
  4 hounds
  3 jellies
  3 orc priests
  2 iguanas
  A sleepcap (D:8)
  7 orc wizards
  9 adders
  23 gnolls
  3 white imps
  26 orcs
  4 endoplasms
  A giant cockroach (D:4)
  6 goblins
  5 hobgoblins
  8 jackals
  7 kobolds
  3 quokkas
  10 ball pythons
  6 bats
  2 rats
175 creatures vanquished.

Vanquished Creatures (collateral kills)
  A boulder (D:7)
1 creature vanquished.

Vanquished Creatures (others)
  2 boulders
2 creatures vanquished.

Grand Total: 178 creatures vanquished

Notes
Turn   | Place    | Note
-------+----------+-------------------------------------------
     0 | D:1      | mainiacjoe the Octopode Earth Elementalist began the quest
                  | for the Orb.
     0 | D:1      | Reached XP level 1. HP: 11/11 MP: 3/3
   293 | D:1      | Reached XP level 2. HP: 17/17 MP: 3/5
   830 | D:2      | Reached XP level 3. HP: 21/21 MP: 4/6
   834 | D:2      | Learned a level 3 spell: Passwall
   891 | D:2      | Found a faded altar of an unknown god.
   946 | D:2      | Reached skill level 4 in Earth Magic
  1474 | D:3      | Reached XP level 4. HP: 27/27 MP: 7/7
  1479 | D:3      | Reached skill level 1 in Short Blades
  2047 | D:4      | Noticed a scorpion
  2061 | D:4      | Killed a scorpion
  2062 | D:4      | Reached XP level 5. HP: 3/31 MP: 5/8
  2171 | D:4      | Learned a level 3 spell: Stone Arrow
  2268 | D:4      | Reached skill level 5 in Earth Magic
  2280 | D:4      | Noticed an ogre
  2291 | D:4      | Noticed Sigmund
  2438 | D:4      | Reached skill level 5 in Stealth
  2438 | D:4      | Reached XP level 6. HP: 36/36 MP: 9/9
  2583 | D:5      | Entered Level 5 of the Dungeon
  2973 | D:5      | Reached XP level 7. HP: 41/41 MP: 8/10
  3173 | D:5      | Found a white marble altar of Elyvilon.
  3173 | D:5      | Found a snail-covered altar of Cheibriados.
  3173 | D:5      | Found an iron altar of Okawaru.
  3197 | D:5      | Reached skill level 6 in Earth Magic
  3939 | D:6      | Found a glowing golden altar of the Shining One.
  4080 | D:6      | Reached skill level 7 in Earth Magic
  4080 | D:6      | Reached XP level 8. HP: 40/46 MP: 7/11
  4085 | D:6      | Learned a level 4 spell: Petrify
  4301 | D:6      | Found a stormy altar of Qazlal.
  4512 | D:6      | Found a blossoming altar of Fedhas.
  4567 | D:7      | Reached skill level 1 in Alchemy
  4723 | D:7      | Found Sehyxu's General Store.
  4727 | D:7      | Found Onoz's Specific Store.
  4731 | D:7      | Bought a ring of wizardry for 330 gold pieces
  4731 | D:7      | Bought a potion of degeneration for 11 gold pieces
  4766 | D:7      | Found Xutosim's Assorted Antiques.
  4987 | D:7      | Found a flagged portal.
  5010 | Bailey   | Entered a bailey
  5173 | Bailey   | Reached skill level 5 in Spellcasting
  5173 | Bailey   | Reached skill level 5 in Conjurations
  5173 | Bailey   | Reached skill level 10 in Earth Magic
  5173 | Bailey   | Reached XP level 9. HP: 51/51 MP: 11/16
  5891 | D:7      | Learned a level 4 spell: Brom's Barrelling Boulder
  5958 | D:7      | Noticed a troll
  5983 | D:7      | Reached skill level 5 in Short Blades
  6061 | D:7      | Found a staircase to the Ecumenical Temple.
  6074 | D:7      | Killed a troll
  6083 | Temple   | Entered the Ecumenical Temple
  6167 | Temple   | Became a worshipper of Ru the Awakened
  6297 | D:7      | Found a hide-covered altar of Uskayaw.
  6311 | D:7      | Reached XP level 10. HP: 55/56 MP: 15/17
  6665 | D:7      | Found an opulent altar of Gozag.
  6861 | D:8      | Noticed Jeremiah
  6872 | D:8      | Killed Jeremiah
  7334 | D:8      | Learned a level 4 spell: Olgreb's Toxic Radiance
  7423 | D:8      | Noticed Grum
  7720 | D:8      | Killed Grum
  7777 | D:8      | Shot with an arrow by a centaur

Illustrated notes

Levels and vault maps discovered:
D:1:      minmay_arrival_stair_chambers, layout_loops_ring
D:2:      layout_rooms, hellmonk_ecumenical_altar_heavens_door
D:3:      layout_basic
D:4:      layout_rooms, uniq_sigmund
D:5:      layout_basic, gammafunk_temple_overflow_claw, serial_glass,
          glass_columns_a, glass_columns_a, glass_columns_b, glass_columns_a,
          glass_columns_b, glass_columns_b, glass_columns_b, glass_columns_c,
          minmay_strange_pillars, due_unseen_surprise, minmay_strange_pillars
D:6:      nicolae_cairo_tiling_large, layout_loops_ring, kennysheep_mini,
          nicolae_overflow_crystal_walls, kennysheep_mini_moat
D:7:      layout_loops_corners, minmay_temple_entry_statues_pillars,
          serial_shops, shop, enter_bailey_2, nicolae_specific_store,
          hangedman_decor_riveting, hangedman_feature_mirror,
          minmay_a_box_with_orc_wizards_in_it
D:8:      layout_loops_cross, uniq_grum, uniq_jeremiah
Temple:   minmay_temple_bridge_d

Skill      XL: |  1  2  3  4  5  6  7  8  9 10 |
---------------+-------------------------------+-----
Stealth        | 3 4 5 6 7 8 9 |  9.8
Earth Magic    | 4 5 7 10 | 10.8
Short Blades   | 1 2 3 4 5 7 |  7.3
Alchemy        | 6 |  6.2
Spellcasting   | 5 |  5.2
Conjurations   | 5 |  5.3
Dodging        | |  2.0

Action                     |  1- 3 |  4- 6 |  7- 9 | 10-12 || total
---------------------------+-------+-------+-------+-------++-------
  Melee: Dagger            |       |     2 |    38 |    35 ||    75
         Tentacles         |       |       |     5 |     7 ||    12
         Constrict         |       |       |     3 |     7 ||    10
         Punch             |       |       |       |     2 ||     2
   Fire: Sling             |    31 |    55 |    24 |       ||   110
         Orcbow            |       |       |       |    18 ||    18
   Cast: Sandblast         |    33 |    37 |    63 |     2 ||   135
         Stone Arrow       |       |     2 |    23 |     4 ||    29
         Passwall          |       |     2 |    11 |     2 ||    15
         Petrify           |       |       |    11 |    12 ||    23
         Brom's Barrelling |       |       |       |     8 ||     8
         Olgreb's Toxic Ra |       |       |       |     3 ||     3
  Evoke: Wand              |       |     1 |     2 |       ||     3
    Use: Scroll            |     8 |     4 |     3 |     5 ||    20
         Potion            |       |     1 |     3 |     2 ||     6
   Stab: Sleeping          |       |     2 |    21 |     5 ||    28
         Petrified         |       |       |     7 |     9 ||    16
         Petrifying        |       |       |       |     2 ||     2
 Armour: Skin              |     3 |    16 |    50 |    35 ||   104
  Dodge: Dodged            |     8 |    18 |    42 |    27 ||    95
